 Dungeon Crawl Stone Soup version 0.17.1-1-g73c8601 (console) character file.

2531 Kloppie the Fighter (level 9, -7/123 HPs)
             Began as a Black Draconian Gladiator on Dec 18, 2015.
             Was a Follower of Makhleb.
             Splashed by a brown ugly thing's acid (8 damage)
             ... on level 8 of the Dungeon.
             The game lasted 00:15:38 (8011 turns).

Kloppie the Fighter (Black Draconian Gladiator)     Turns: 8011, Time: 00:15:38

Health: -7/123     AC: 20    Str: 17    XL:     9   Next: 29%
Magic:  9/9        EV:  2    Int:  8    God:    Makhleb [*.....]
Gold:   483        SH:  0    Dex: 16    Spells: 0 memorised, 8 levels left

rFire  . . .     SeeInvis .     a - +1 quarterstaff
rCold  . . .     Clarity  .     (armour unavailable)
rNeg   + + +     SustAt   .     (shield currently unavailable)
rPois  +         Gourm    .     (helmet currently unavailable)
rElec  .         Spirit   .     (cloak currently unavailable)
rCorr  .         Warding  .     (gloves currently unavailable)
rMut   .         NoTele   +     (boots currently unavailable)
MR     +....                    (no amulet)
Stlth  +.........               (no ring)
                                s - ring of protection from magic

@: short of breath, tree-form, corroded equipment, somewhat resistant to hostile
enchantments, very unstealthy
A: (breathe lightning), unfitting armour, (electricity resistance),
(cold-blooded), AC +7
a: Renounce Religion


You were on level 8 of the Dungeon.
You worshipped Makhleb.
Makhleb was aware of your devotion.
You were not hungry.
You were a tree.
You visited 2 branches of the dungeon, and saw 9 of its levels.
You also visited: Sewer.

You collected 483 gold pieces.

Inventory:

Hand Weapons
 a - a +1 quarterstaff (weapon)
Missiles
 c - 7 throwing nets (quivered)
Armour
 b - a +0 hat (melded)
 C - a +2 pair of gloves (melded)
Jewellery
 d - an uncursed ring of ice
 s - a ring of protection from magic (left branch)
 t - an uncursed ring of teleportation
 y - a +4 ring of strength
Wands
 j - a wand of disintegration (10)
 q - a wand of digging (19)
 v - a wand of slowing (48)
 A - a wand of magic darts (30)
Scrolls
 f - 6 scrolls of teleportation
 k - 4 scrolls of magic mapping
 l - 3 scrolls of amnesia
 n - 3 scrolls of fear
 D - a scroll of enchant armour
 G - a scroll of blinking
Potions
 e - 5 potions of flight
 i - 2 potions of resistance
 p - 2 potions of agility {unknown}
 r - 3 potions of might {unknown}
 w - 2 potions of brilliance {unknown}
 x - a potion of heal wounds {unknown}
 B - a potion of haste {unknown}
 F - a potion of poison {unknown}
 J - a potion of mutation {unknown}
Books
 o - a book of Flames

   Spells                             Type                      Level
   a - Flame Tongue                   Conjuration/Fire             1
   b - Throw Flame                    Conjuration/Fire             2
   c - Conjure Flame                  Conjuration/Fire             3
   d - Inner Flame                    Hexes/Fire                   3
   e - Sticky Flame                   Conjuration/Fire             4
   f - Fireball                       Conjuration/Fire             5
 u - a book of Party Tricks

   Spells                             Type                      Level
   a - Summon Butterflies             Summoning                    1
   b - Apportation                    Translocation                1
   c - Tukima's Dance                 Hexes                        3
   d - Alistair's Intoxication        Transmutation/Poison         4
   e - Invisibility                   Hexes                        6
 z - a book of Envenomations

   Spells                             Type                      Level
   a - Spider Form                    Transmutation/Poison         3
   b - Alistair's Intoxication        Transmutation/Poison         4
   c - Olgreb's Toxic Radiance        Poison                       4
   d - Poisonous Cloud                Conjuration/Poison/Air       6
 E - a book of Beasts

   Spells                             Type                      Level
   a - Summon Butterflies             Summoning                    1
   b - Call Canine Familiar           Summoning                    3
   c - Summon Ice Beast               Ice/Summoning                4
   d - Summon Mana Viper              Hexes/Summoning              5
   e - Summon Hydra                   Summoning                    7
 I - a book of Unlife

   Spells                             Type                      Level
   a - Recall                         Summoning/Translocation      3
   b - Animate Dead                   Necromancy                   4
   c - Control Undead                 Necromancy                   4
   d - Cigotuvi's Embrace             Necromancy                   5
   e - Death Channel                  Necromancy                   6
   f - Simulacrum                     Ice/Necromancy               6
Comestibles
 h - 4 meat rations


   Skills:
 + Level 8.3 Fighting
 + Level 7.8 Staves
 - Level 1.7 Throwing
 + Level 7.3 Dodging


You had 8 spell levels left.
You didn't know any spells.

Dungeon Overview and Level Annotations

Branches:
Dungeon (8/15)             Temple (1/1) D:7
   Lair: D:8-11

Altars:
Ashenzari
Cheibriados
Dithmenos
Elyvilon
Fedhas
Gozag
Kikubaaqudgha
Makhleb
Nemelex Xobeh
Okawaru
Qazlal
Ru
Sif Muna
Trog
Vehumet
Xom
Yredelemnul
Zin
The Shining One

Annotations:
D:5 Eustachio, Prince Ribbit


Innate Abilities, Weirdness & Mutations

((You can breathe wild blasts of lightning.))
((Your glossy black scales are hard (AC +7).))
Your body does not fit into most forms of armour.
((You are resistant to electric shocks.))
((You are cold-blooded and may be slowed by cold attacks.))


Message History

* * * LOW HITPOINT WARNING * * *
You hit the brown ugly thing but do no damage.
The brown ugly thing is heavily wounded.
You hit the brown ugly thing.
The brown ugly thing is severely wounded.
The brown ugly thing closely misses you.
Drink which item? (? for menu, Esc to quit)
You can't drink that!
Drink which item? (? for menu, Esc to quit)
You feel better. The brown ugly thing pecks you!
* * * LOW HITPOINT WARNING * * *
You are splashed with acid!
The acid burns!
* * * LOW HITPOINT WARNING * * *
Drink which item? (? for menu, Esc to quit)
You turn into a tree.
Your +0 hat melds into your body.
Your +2 pair of gloves melds into your body.
Your roots penetrate the ground.
The brown ugly thing pecks you!
* * * LOW HITPOINT WARNING * * *
You are splashed with acid!
The acid burns!
You die...

#.....######........#
#..........#........#
+..........#........#
####+###...+........#
#.....##...#........#
#........[.#........#
#.....######........#
#...).##...#####'####
#........[..♣u.....#
#.........<..#....)#
+............#.....#
#............#.....#
#.....####..####...#
####### #..# #...#
.)... #.(.# ......
...# .....


You could see a brown ugly thing.

Vanquished Creatures
  2 hungry ghosts
  Menkaure (D:5)
  An ice beast (D:7)
  An ogre (D:6)
  A sky beast (D:7)
  A necrophage (D:7)
  2 big kobolds (Sewer)
  2 centaurs
  2 giant frogs
  A scorpion (D:4)
  5 killer bees (D:7)
  3 wights (D:7)
  A quasit (D:6)
  A giant frog zombie (D:5)
  2 hounds
  3 orc priests
  A centaur skeleton (D:4)
  2 worker ants
  3 iguanas
  4 orc wizards
  A hound zombie (D:6)
  14 adders
  12 gnolls
  4 river rats
  2 shadow imps (D:5)
  3 adder skeletons
  8 worms
  2 giant geckos
  10 orcs
  4 ball pythons
  5 giant cockroaches
  10 goblins
  2 hobgoblins (D:2)
  8 jackals
  15 kobolds
  4 quokkas
  6 bats
  3 giant gecko skeletons
  3 giant newts (D:2)
  A quokka zombie (D:6)
  15 rats
171 creatures vanquished.

Vanquished Creatures (collateral kills)
  2 orc priests (D:6)
  An orc wizard (D:6)
  2 orcs (D:6)
5 creatures vanquished.

Grand Total: 176 creatures vanquished

Notes
Turn   | Place    | Note
--------------------------------------------------------------
     0 | D:1      | Kloppie the Draconian Gladiator began the quest for the Orb.
     0 | D:1      | Reached XP level 1. HP: 17/17 MP: 1/1
   637 | D:2      | Reached XP level 2. HP: 11/25 MP: 2/2
   953 | D:2      | Reached XP level 3. HP: 30/30 MP: 3/3
  1145 | D:2      | Found a basalt altar of Yredelemnul.
  1506 | D:2      | Found a snail-covered altar of Cheibriados.
  1548 | D:3      | Reached XP level 4. HP: 36/38 MP: 4/4
  1628 | D:3      | Reached skill level 4 in Staves
  1634 | D:3      | Found a faded altar to an unknown god.
  1820 | D:3      | Found a glowing drain.
  1860 | Sewer    | Entered a sewer
  1874 | Sewer    | Reached XP level 5. HP: 24/45 MP: 5/5
  2288 | Sewer    | Noticed a big kobold
  2288 | Sewer    | Noticed a big kobold
  2303 | Sewer    | Killed a big kobold
  2313 | Sewer    | Killed a big kobold
  2313 | Sewer    | Reached XP level 6. HP: 20/53 MP: 6/6
  2759 | D:3      | Found a radiant altar of Vehumet.
  2766 | D:3      | Found a glowing golden altar of the Shining One.
  2768 | D:3      | Found an ancient bone altar of Kikubaaqudgha.
  2770 | D:3      | Found a glowing silver altar of Zin.
  3050 | D:4      | Reached skill level 5 in Staves
  3381 | D:4      | Reached skill level 5 in Fighting
  3727 | D:5      | Entered Level 5 of the Dungeon
  4059 | D:5      | Your scales start taking on a glossy black colour.
  4059 | D:5      | Gained mutation: You are resistant to electric shocks. [Black Draconian growth]
  4059 | D:5      | Reached XP level 7. HP: 57/61 MP: 7/7
  4237 | D:5      | Noticed Menkaure
  4245 | D:5      | Killed Menkaure
  4578 | D:5      | Reached skill level 5 in Dodging
  4629 | D:5      | Noticed Eustachio
  5055 | D:5      | Noticed Prince Ribbit
  5113 | D:6      | Reached skill level 6 in Fighting
  5171 | D:6      | Reached XP level 8. HP: 27/70 MP: 8/8
  6286 | D:7      | Reached skill level 7 in Fighting
  6469 | D:7      | Reached XP level 9. HP: 48/80 MP: 9/9
  6653 | D:7      | Found a staircase to the Ecumenical Temple.
  6660 | Temple   | Entered the Ecumenical Temple
  6715 | Temple   | Became a worshipper of Makhleb the Destroyer
  7236 | D:7      | Reached skill level 8 in Fighting
  7612 | D:7      | Reached * piety under Makhleb
  7967 | D:8      | Noticed a brown ugly thing
  8011 | D:8      | HP: 1/123 [brown ugly thing (9)]
  8011 | D:8      | Splashed by a brown ugly thing's acid

Action                   |  1- 3 |  4- 6 |  7- 9 || total
-------------------------+-------+-------+-------++-------
Melee: Quarterstaff      |   105 |   295 |   308 ||   708
 Abil: Breathe Lightning |       |       |     6 ||     6
  Use: Scroll            |       |    10 |     6 ||    16
       Potion            |       |       |     3 ||     3
 Stab: Sleeping          |     2 |     3 |     3 ||     8
       Distracted        |       |       |     1 ||     1
  Eat: Chunk             |     2 |     9 |    19 ||    30
       Bread ration      |       |       |     2 ||     2
       Pizza             |       |       |     1 ||     1
       Meat ration       |       |       |     1 ||     1
